NCAA
WASHINGTON STATE COUGARS @ TEXAS A&M AGGIES
05/27/2027
 
TOP OF THE 1ST
Washington State Cougars batting - Pitching for Texas A&M Aggies : RHP Pedro Alvarado
Pitching: RHP Pedro Alvarado
Batting: RHB Montego Martínez 0-0: Ball
1-0: Ball
2-0: Ball
3-0: Called Strike
3-1: Base on Balls
Batting: RHB Brian Austin 0-0: Ball
1-0: Fly out, F4 (Popup, 3L)
Batting: LHB Conan Bush 0-0: Called Strike
0-1: Ball
1-1: Swinging Strike
1-2: Foul Ball, location: 2F
1-2: Strikes out swinging
Batting: RHB Jesús Domínguez 0-0: Ball
1-0: Called Strike
1-1: Ball
2-1: Foul Ball, location: 2F
2-2: Ball
Montego Martínez steals 2nd base
3-2: DOUBLE (Groundball, 5L)
Montego Martínez scores
Batting: LHB Andrew Lockhart 0-0: Called Strike
0-1: Ground out 4-3 (Groundball, 34)
Top of the 1st over - 1 run(s), 1 hit(s), 0 error(s), 1 left on base; Washington State 1 - Texas A&M 0
BOTTOM OF THE 1ST
Texas A&M Aggies batting - Pitching for Washington State Cougars : RHP Justin Bennett
Pitching: RHP Justin Bennett
Batting: RHB Irwin Robinson 0-0: Ball
1-0: Called Strike
1-1: SINGLE (Line Drive, 7S)
Batting: RHB Júlio Hobbs 0-0: Called Strike
0-1: Ball
1-1: Ball
Irwin Robinson is caught stealing 2nd base
2-1: Foul Ball, location: 2F
2-2: Ball
3-2: Foul Ball, location: 2F
3-2: Foul Ball, location: 2F
3-2: Base on Balls
Batting: LHB Edward Bennett 0-0: Ball
1-0: Ball
2-0: Called Strike
2-1: Ball
3-1: Called Strike
3-2: 2-RUN HOME RUN (Flyball, 8LXD), Distance : 391 ft
Batting: RHB Brandon Townsley 0-0: Called Strike
0-1: Swinging Strike
0-2: Foul Ball, location: 2F
0-2: Strikes out looking
Batting: RHB Kevin Wilson 0-0: Ball
1-0: Foul Ball, location: 2F
1-1: Called Strike
1-2: Strikes out looking
Bottom of the 1st over - 2 run(s), 2 hit(s), 0 error(s), 0 left on base; Washington State 1 - Texas A&M 2
TOP OF THE 2ND
Washington State Cougars batting - Pitching for Texas A&M Aggies : RHP Pedro Alvarado
Batting: RHB John Hall 0-0: Called Strike
0-1: Foul Ball, location: 2F
0-2: Ball
1-2: DOUBLE (Groundball, 5L)
Batting: RHB Rick Holman 0-0: Ground out 2-3 (Groundball, 2R)
John Hall to third
Batting: RHB Nick Bailey 0-0: Ball
1-0: Called Strike
1-1: SINGLE (Line Drive, 89S)
John Hall scores
Batting: RHB Lawrence Vaughn 0-0: Ball
1-0: Swinging Strike
1-1: SINGLE (Groundball, 4MD)
Nick Bailey to second
Runner from 2nd tries for 3rd, SAFE, throw made to third
Batting: RHB Montego Martínez 0-0: Ball
1-0: Fly out, F8 (Flyball, 8LM)
Runner from 3rd tags up, SCORES, no throw
Batting: RHB Brian Austin 0-0: Foul Ball, location: 2F
0-1: Ball
1-1: Swinging Strike
1-2: Ball
2-2: Foul Ball, location: 2F
2-2: Fly out, F6 (Line Drive, 6)
Top of the 2nd over - 2 run(s), 3 hit(s), 0 error(s), 1 left on base; Washington State 3 - Texas A&M 2
BOTTOM OF THE 2ND
Texas A&M Aggies batting - Pitching for Washington State Cougars : RHP Justin Bennett
Batting: RHB James Richardson 0-0: Called Strike
0-1: Ball
1-1: Foul Ball, location: 2F
1-2: Fly out, F8 (Flyball, 8RS)
Batting: LHB Steve Hoffman 0-0: Called Strike
0-1: Foul Ball, location: 2F
0-2: Fly out, F6 (Line Drive, 6)
Batting: RHB Jason Lawson 0-0: Swinging Strike
0-1: Ball
1-1: Foul Ball, location: 2F
1-2: Ball
2-2: SINGLE (Line Drive, 9LM)
Batting: RHB Paul Stewart 0-0: Called Strike
0-1: Swinging Strike
0-2: Ball
1-2: Ball
2-2: Fielders Choice at 2nd, U6 (Groundball, 6M)
Bottom of the 2nd over - 0 run(s), 1 hit(s), 0 error(s), 1 left on base; Washington State 3 - Texas A&M 2
TOP OF THE 3RD
Washington State Cougars batting - Pitching for Texas A&M Aggies : RHP Pedro Alvarado
Batting: LHB Conan Bush 0-0: Swinging Strike
0-1: Ball
1-1: Foul Ball, location: 2F
1-2: Foul Ball, location: 2F
1-2: Fly out, F9 (Flyball, 89D)
Batting: RHB Jesús Domínguez 0-0: Called Strike
0-1: Foul Ball, location: 2F
0-2: Ball
1-2: Ground out 3-1 (Groundball, 34S)
Batting: LHB Andrew Lockhart 0-0: Ball
1-0: Ball
2-0: Foul Ball, location: 2F
2-1: Foul Ball, location: 2F
2-2: Strikes out swinging
Top of the 3rd over - 0 run(s), 0 hit(s), 0 error(s), 0 left on base; Washington State 3 - Texas A&M 2
BOTTOM OF THE 3RD
Texas A&M Aggies batting - Pitching for Washington State Cougars : RHP Justin Bennett
Batting: RHB Irwin Robinson 0-0: Foul Ball, location: 2F
0-1: Ball
1-1: Ground out 5-3 (Groundball, 56S)
Batting: RHB Júlio Hobbs 0-0: Foul Ball, location: 2F
0-1: Called Strike
0-2: Ball
1-2: Strikes out looking
Batting: LHB Edward Bennett 0-0: Called Strike
0-1: Ball
1-1: Ground out 6-3 (Groundball, 6M)
Bottom of the 3rd over - 0 run(s), 0 hit(s), 0 error(s), 0 left on base; Washington State 3 - Texas A&M 2
TOP OF THE 4TH
Washington State Cougars batting - Pitching for Texas A&M Aggies : RHP Pedro Alvarado
Batting: RHB John Hall 0-0: Ball
1-0: Called Strike
1-1: Ball
2-1: Ball
3-1: Base on Balls
Batting: RHB Rick Holman 0-0: Foul Ball, location: 2F
0-1: Ball
1-1: Ball
2-1: SINGLE (Flyball, 8RS)
John Hall to second
Batting: RHB Nick Bailey 0-0: Swinging Strike
0-1: Ball
1-1: Foul Ball, location: 2F
1-2: Strikes out swinging
Batting: RHB Lawrence Vaughn 0-0: Ball
1-0: Called Strike
1-1: Ball
2-1: Ball
3-1: Fly out, F9 (Flyball, 9LSF)
Batting: RHB Montego Martínez 0-0: Foul Ball, location: 2F
0-1: Fielders Choice at 2nd, 6-4 (Groundball, 6)
Top of the 4th over - 0 run(s), 1 hit(s), 0 error(s), 1 left on base; Washington State 3 - Texas A&M 2
BOTTOM OF THE 4TH
Texas A&M Aggies batting - Pitching for Washington State Cougars : RHP Justin Bennett
Batting: RHB Brandon Townsley 0-0: Fly out, F8 (Line Drive, 8LM)
Batting: RHB Kevin Wilson 0-0: Ball
1-0: Ball
2-0: Foul Ball, location: 2F
2-1: Fly out, F9 (Flyball, 9LSF)
Batting: RHB James Richardson 0-0: Ball
1-0: Ball
2-0: Ball
3-0: Base on Balls
Batting: LHB Steve Hoffman 0-0: Fly out, F7 (Flyball, 7S)
Bottom of the 4th over - 0 run(s), 0 hit(s), 0 error(s), 1 left on base; Washington State 3 - Texas A&M 2
TOP OF THE 5TH
Washington State Cougars batting - Pitching for Texas A&M Aggies : RHP Pedro Alvarado
Batting: RHB Brian Austin 0-0: Called Strike
0-1: Ball
1-1: Called Strike
1-2: Reached on error, E5 (Groundball, 56S)
Batting: LHB Conan Bush 0-0: Swinging Strike
0-1: Foul Ball, location: 2F
0-2: Strikes out swinging
Pitching: RHP Mike Cartwright
Batting: RHB Jesús Domínguez 0-0: Foul Ball, location: 2F
0-1: Called Strike
0-2: Ball
1-2: Strikes out looking
Batting: LHB Andrew Lockhart 0-0: Ball
1-0: Ball
2-0: Called Strike
2-1: Ground out 4-3 (Groundball, 34)
Top of the 5th over - 0 run(s), 0 hit(s), 1 error(s), 1 left on base; Washington State 3 - Texas A&M 2
BOTTOM OF THE 5TH
Texas A&M Aggies batting - Pitching for Washington State Cougars : RHP Justin Bennett
Batting: RHB Jason Lawson 0-0: Swinging Strike
0-1: Hit by Pitch
Batting: RHB Paul Stewart 0-0: Ball
1-0: Foul Ball, location: 2F
1-1: Ball
2-1: SINGLE (Groundball, 6MD)
Jason Lawson to second
Batting: RHB Irwin Robinson 0-0: Foul Ball, location: 2F
0-1: Ball
1-1: Foul Ball, location: 2F
1-2: Fly out, F4 (Popup, 34D)
Batting: RHB Júlio Hobbs 0-0: Ball
1-0: Swinging Strike
1-1: Ball
2-1: Ball
3-1: Base on Balls
Jason Lawson to third
Paul Stewart to second
Batting: LHB Edward Bennett 0-0: Ball
1-0: Ball
2-0: Called Strike
2-1: Swinging Strike
2-2: GRAND SLAM HOME RUN (Flyball, 9D), Distance : 342 ft
Pitching: RHP Lawrence Thomas
Batting: RHB Brandon Townsley 0-0: Called Strike
0-1: Foul Ball, location: 2F
0-2: Ball
1-2: Ball
2-2: SOLO HOME RUN (Flyball, 8LXD), Distance : 384 ft
Batting: RHB Kevin Wilson 0-0: Fly out, F7 (Flyball, 78M)
Batting: RHB James Richardson 0-0: Ball
1-0: Called Strike
1-1: Swinging Strike
1-2: Fly out, F8 (Line Drive, 8LD)
Bottom of the 5th over - 5 run(s), 3 hit(s), 0 error(s), 0 left on base; Washington State 3 - Texas A&M 7
TOP OF THE 6TH
Washington State Cougars batting - Pitching for Texas A&M Aggies : RHP Mike Cartwright
Batting: RHB John Hall 0-0: Ball
1-0: Foul Ball, location: 2F
1-1: Swinging Strike
1-2: Ball
2-2: Strikes out looking
Batting: RHB Rick Holman 0-0: Ball
1-0: Ground out 6-3 (Groundball, 6)
Batting: RHB Nick Bailey 0-0: Ball
1-0: Ball
2-0: Ball
3-0: Base on Balls
Batting: RHB Lawrence Vaughn 0-0: Ball
1-0: Ball
2-0: Ball
3-0: Base on Balls
Nick Bailey to second
Batting: RHB Montego Martínez 0-0: Ball
1-0: Called Strike
1-1: Called Strike
1-2: Strikes out swinging
Top of the 6th over - 0 run(s), 0 hit(s), 0 error(s), 2 left on base; Washington State 3 - Texas A&M 7
BOTTOM OF THE 6TH
Texas A&M Aggies batting - Pitching for Washington State Cougars : RHP Lawrence Thomas
Batting: LHB Steve Hoffman 0-0: Ball
1-0: Ball
2-0: Ball
3-0: Base on Balls
Batting: RHB Jason Lawson 0-0: Ball
1-0: Ball
2-0: Ball
3-0: Base on Balls
Steve Hoffman to second
Batting: RHB Paul Stewart 0-0: Ball
1-0: Ball
2-0: Called Strike
2-1: Ball
3-1: Swinging Strike
3-2: Fielders Choice at 2nd, 3-6 (Groundball, 34)
Steve Hoffman to third
Batting: RHB Irwin Robinson 0-0: DOUBLE (Flyball, 78M)
Steve Hoffman scores
Paul Stewart to third
Pitching: RHP Allan Dotson
Batting: RHB Júlio Hobbs 0-0: Foul Ball, location: 2F
0-1: Swinging Strike
0-2: Strikes out swinging
Batting: LHB Edward Bennett 0-0: Fly out, F5 (Popup, 5S)
Bottom of the 6th over - 1 run(s), 1 hit(s), 0 error(s), 2 left on base; Washington State 3 - Texas A&M 8
TOP OF THE 7TH
Washington State Cougars batting - Pitching for Texas A&M Aggies : RHP Mike Cartwright
Batting: RHB Brian Austin 0-0: Foul Ball, location: 2F
0-1: Ball
1-1: Swinging Strike
1-2: Ball
2-2: Ball
3-2: Foul Ball, location: 2F
3-2: Foul Ball, location: 2F
3-2: Base on Balls
Batting: LHB Conan Bush 0-0: Ball
1-0: Swinging Strike
1-1: Called Strike
1-2: Ball
Brian Austin steals 2nd base
2-2: Strikes out swinging
Batting: RHB Jesús Domínguez 0-0: Called Strike
0-1: Fly out, F8 (Flyball, 89M)
Batting: LHB Andrew Lockhart 0-0: Ball
1-0: Swinging Strike
1-1: Ball
2-1: Fly out, F8 (Line Drive, 78M)
Top of the 7th over - 0 run(s), 0 hit(s), 0 error(s), 1 left on base; Washington State 3 - Texas A&M 8
BOTTOM OF THE 7TH
Texas A&M Aggies batting - Pitching for Washington State Cougars : RHP Allan Dotson
Batting: RHB Brandon Townsley 0-0: Called Strike
0-1: Ground out 1-3 (Groundball, 15)
Batting: RHB Kevin Wilson 0-0: Ball
1-0: Ball
2-0: Called Strike
2-1: Ground out 5-3 (Groundball, 5L)
Batting: RHB James Richardson 0-0: Called Strike
0-1: Ball
1-1: Fly out, F4 (Line Drive, 4)
Bottom of the 7th over - 0 run(s), 0 hit(s), 0 error(s), 0 left on base; Washington State 3 - Texas A&M 8
TOP OF THE 8TH
Washington State Cougars batting - Pitching for Texas A&M Aggies : RHP Mike Cartwright
Now in RF: George Wells
Batting: RHB John Hall 0-0: Foul Ball, location: 2F
0-1: Swinging Strike
0-2: Foul Ball, location: 2F
0-2: Strikes out looking
Batting: RHB Rick Holman 0-0: Called Strike
0-1: SINGLE (Line Drive, 6D)
Pitching: RHP Ed Fletcher
Batting: RHB Nick Bailey 0-0: Called Strike
0-1: Ball
1-1: Called Strike
1-2: Fly out, F9 (Flyball, 9LSF)
Batting: RHB Lawrence Vaughn 0-0: Swinging Strike
0-1: Ball
1-1: Called Strike
1-2: Foul Ball, location: 2F
1-2: Ball
2-2: Strikes out swinging
Top of the 8th over - 0 run(s), 1 hit(s), 0 error(s), 1 left on base; Washington State 3 - Texas A&M 8
BOTTOM OF THE 8TH
Texas A&M Aggies batting - Pitching for Washington State Cougars : RHP Allan Dotson
Batting: LHB Steve Hoffman 0-0: Swinging Strike
0-1: Foul Ball, location: 2F
0-2: Ball
1-2: Foul Ball, location: 2F
1-2: Foul Ball, location: 2F
1-2: Fly out, F8 (Line Drive, 8LM)
Batting: RHB Jason Lawson 0-0: Foul Ball, location: 2F
0-1: Ball
1-1: Foul Ball, location: 2F
1-2: Fly out, F6 (Popup, 6MD)
Batting: RHB Paul Stewart 0-0: Ball
1-0: Ball
2-0: Ball
3-0: Called Strike
3-1: Foul Ball, location: 2F
3-2: Base on Balls
Batting: RHB Irwin Robinson 0-0: Ball
1-0: Called Strike
1-1: SINGLE (Flyball, 9LS)
Paul Stewart to second
Runner from 2nd tries for 3rd, SAFE, throw made to third
Batting: RHB Júlio Hobbs 0-0: Called Strike
0-1: Ball
1-1: Ball
2-1: Ball
3-1: Base on Balls
Irwin Robinson to second
Batting: SHB George Wells 0-0: Ball
1-0: SINGLE (Line Drive, 9LM)
Paul Stewart scores
Irwin Robinson to third
Júlio Hobbs to second
Runner from 3rd tries for Home, SAFE, no throw
Batting: RHB Brandon Townsley 0-0: Ball
1-0: Reached via error on a dropped throw, E4
Júlio Hobbs to third
George Wells to second
Batting: RHB Kevin Wilson 0-0: Ball
1-0: Ball
2-0: Called Strike
2-1: Foul Ball, location: 2F
2-2: SINGLE (Groundball, 4MD)
Júlio Hobbs scores
George Wells to third
Brandon Townsley to second
Runner from 3rd tries for Home, SAFE, no throw
Pitching: RHP Emílio Marín
Batting: RHB James Richardson 0-0: Ball
1-0: Foul Ball, location: 2F
1-1: Fly out, F4 (Line Drive, 4D)
Bottom of the 8th over - 4 run(s), 3 hit(s), 1 error(s), 2 left on base; Washington State 3 - Texas A&M 12
TOP OF THE 9TH
Washington State Cougars batting - Pitching for Texas A&M Aggies : RHP Ed Fletcher
Batting: RHB Montego Martínez 0-0: Ball
1-0: Foul Ball, location: 2F
1-1: Foul Ball, location: 2F
1-2: SINGLE (Line Drive, 9S)
Batting: RHB Brian Austin 0-0: Called Strike
0-1: Foul Ball, location: 2F
0-2: Strikes out swinging
Batting: LHB Conan Bush 0-0: Ball
1-0: Grounds into double play, 4-6-3 (Groundball, 4)
Top of the 9th over - 0 run(s), 1 hit(s), 0 error(s), 0 left on base; Washington State 3 - Texas A&M 12
Thursday, March 30th, 2017 - OOTP Baseball 17.12 Build 75